 Dungeon Crawl Stone Soup version 0.18-a0-1666-g3ea6f2b (webtiles) character file.

7 Gorice the Digger (level 1, -1/13 HPs)
             Began as a Demonspawn Earth Elementalist on Mar 31, 2016.
             Slain by a kobold (2 damage)
             ... on level 1 of the Dungeon.
             The game lasted 00:02:04 (558 turns).

Gorice the Digger (Demonspawn Earth Elementalist)    Turns: 558, Time: 00:02:05

Health: -1/13      AC:  2    Str:  8    XL:     1   Next: 91%
Magic:  0/3        EV: 12    Int: 16    God:
Gold:   36         SH:  0    Dex: 13    Spells: 1 memorised, 3 levels left

rFire  . . .     SeeInvis .     (no weapon)
rCold  . . .     Gourm    .     a - +0 robe
rNeg   . . .     Faith    .     (no shield)
rPois  .         Spirit   .     (no helmet)
rElec  .         Dismiss  .     (no cloak)
rCorr  .         Reflect  .     (no gloves)
SustAt .         Harm     .     (no boots)
MR     .....                    (no amulet)
Stlth  ++........               (no ring)
                                (no ring)

@: not resistant to hostile enchantments, unstealthy
A: no striking features
a: no special abilities


You were on level 1 of the Dungeon.
You were not hungry.

You visited 1 branch of the dungeon, and saw 1 of its levels.

You collected 36 gold pieces.

Inventory:

Hand Weapons
 f - a +0 mace
Missiles
 k - 16 poisoned needles
 Z - 105 stones (quivered)
Armour
 a - a +0 robe (worn)
 e - a +0 ring mail
 n - a +0 plate armour
Jewellery
 p - an uncursed ring of wizardry {unknown}
Scrolls
 b - a scroll of magic mapping {unknown}
 g - a scroll of identify {unknown}
 j - 3 scrolls of remove curse {unknown}
Potions
 h - a potion of lignification {unknown}
 i - a potion of resistance {unknown}
 m - a potion of curing {unknown}
Books
 c - a book of Geomancy
Comestibles
 d - 2 bread rations {!e}
 l - a chunk of flesh
 o - a meat ration {!e}


   Skills:
 - Level 1.7 Dodging
 - Level 1.7 Stealth
 + Level 2.1 Spellcasting
   Level 0.8 Transmutations
 * Level 3.1 Earth Magic


You had 3 spell levels left.
You knew the following spells:

 Your Spells              Type           Power        Failure   Level  Hunger
a - Sandblast             Erth           ##....       8%          1    #......


Dungeon Overview and Level Annotations

Branches:
Dungeon (1/15)

Altars:


Message History

A kobold comes into view.
The kobold shouts!
The kobold throws a stone.
The stone hits you but does no damage.
Some of the chunks of flesh in your inventory have rotted away.
You see here a stone.
Unknown command.
Z - 105 stones (gained 1)
The kobold throws a stone.
The stone closely misses you.
You see here a stone.
You start resting.
The kobold throws a stone.
The stone misses you.
You see here a stone.
Casting: Sandblast
Confirm with . or Enter, or press ? or * to list all spells.
Aiming: Sandblast
Press: ? - help, Shift-Dir - straight line, f - kobold
Aim: a kobold The blast of sand misses the kobold.
The kobold hits you.
Damage: 1 (max 1)
Casting: Sandblast
Confirm with . or Enter, or press ? or * to list all spells.
Aiming: Sandblast
Press: ? - help, Shift-Dir - straight line, f/p - kobold
Aim: a kobold The blast of sand misses the kobold.
The kobold closely misses you.
Casting: Sandblast
Confirm with . or Enter, or press ? or * to list all spells.
You don't have enough magic to cast that spell.
Unknown command.
Casting: Sandblast
Confirm with . or Enter, or press ? or * to list all spells.
You don't have enough magic to cast that spell.
Unknown command.
You completely miss the kobold. The kobold completely misses you.
You hit the kobold but do no damage. The kobold hits you.
* * * LOW HITPOINT WARNING * * *
Damage: 1 (max 1)
You barely miss the kobold. The kobold hits you.
* * * LOW HITPOINT WARNING * * *
Damage: 4 (max 4)
You hit the kobold but do no damage. The kobold hits you but does no damage.
You hit the kobold.
The kobold is heavily wounded.
The kobold hits you.
* * * LOW HITPOINT WARNING * * *
Damage: 1 (max 4)
You hit the kobold but do no damage.
The kobold is heavily wounded.
The kobold hits you.
You die...

## ###########.#
.........#.# ##
.K........## #.
...#####(#.#.# #.
#(@K....##########. #
#.##.#.............
#.##.##.####........##
#....)..# #.#####..#
####.#### #.# #..#
#.#######.#####..##
#.##...............
#.##.####.###....##
#.##.# #.###.#.[#


You could see a kobold.

Vanquished Creatures
  2 bats (D:1)
  2 goblins (D:1)
  A kobold (D:1)
  A giant newt (D:1)
  A rat (D:1)
7 creatures vanquished.

Notes
Turn   | Place    | Note
--------------------------------------------------------------
     0 | D:1      | Gorice the Demonspawn Earth Elementalist began the quest for the Orb.
     0 | D:1      | Reached XP level 1. HP: 13/13 MP: 3/3
   305 | D:1      | Reached skill level 3 in Earth Magic
   555 | D:1      | HP: 2/13 [kobold (4)]
   558 | D:1      | Slain by a kobold

Vault maps used:
D:1:      evilmike_arrival_crescent

Skill      XL: |  1 |
---------------+----+-----
Earth Magic    | 3 |  3.1
Dodging        | |  1.7
Stealth        | |  1.7
Spellcasting   | |  2.1
Transmutations | |  0.8

Action                   || total
-------------------------++-------
Melee: Unarmed           ||    16
 Cast: Sandblast         ||    12

Table legend:
 A = Turns spent in this place as a percentage of turns spent in the entire game.
 B = Non-inter-level travel turns spent in this place as a percentage of non-inter-level travel turns spent in the entire game.
 C = Inter-level travel turns spent in this place as a percentage of turns spent in this place.
 D = Turns resting spent in this place as a percentage of non-inter-level travel turns spent in this place.
 E = Turns spent auto-exploring this place as a percentage of non-inter-level travel turns spent in this place.
 F = Non-inter-level travel turns spent in this place divided by the number of levels of this place that you've seen.
                   A       B       C       D       E      F
               +-------+-------+-------+-------+-------+----------------------
         Total | 100.0 | 100.0 |   0.0 |   2.3 |  12.9 | 171.0
       Dungeon | 100.0 | 100.0 |   0.0 |   2.3 |  12.9 | 171.0
               +-------+-------+-------+-------+-------+----------------------

Vault maps used:
D:1:      evilmike_arrival_crescent
